 Dungeon Crawl Stone Soup version 0.19.5 (webtiles) character file.

36 vatarom the Gusty (level 3, -6/19 HPs)
             Began as a Tengu Air Elementalist on Mar 10, 2017.
             Killed from afar by a white imp (7 damage)
             ... with a puff of frost
             ... summoned by Natasha
             ... on level 2 of the Dungeon.
             The game lasted 00:04:31 (1422 turns).

vatarom the Gusty (Tengu Air Elementalist)          Turns: 1422, Time: 00:04:31

Health: -6/19      AC:  2    Str:  5 (8)  XL:     3   Next: 37%
Magic:  0/7        EV: 18    Int: 15 (16) God:
Gold:   63         SH:  0    Dex: 17 (19) Spells: 1 memorised, 5 levels left

rFire  . . .     SeeInvis .     d - +0 whip
rCold  . . .     Gourm    .     a - +0 robe
rNeg   . . .     Faith    .     (no shield)
rPois  .         Spirit   .     (helmet restricted)
rElec  .         Reflect  .     (no cloak)
rCorr  .         Harm     .     (no gloves)
MR     .....                    (boots unavailable)
Stlth  +++.......               (no amulet)
                                (no ring)
                                (no ring)

@: agile, very slightly contaminated
A: beak, talons 3, deterioration 1
a: no special abilities


You were on level 2 of the Dungeon.
You were full.

You visited 1 branch of the dungeon, and saw 2 of its levels.

You collected 63 gold pieces.

Inventory:

Hand Weapons
 d - a +0 whip (weapon)
Armour
 a - a +0 robe (worn)
Books
 b - a book of Air

   Spells                             Type                      Level
   a - Shock                          Conjuration/Air              1
   b - Swiftness                      Charms/Air                   2
   c - Repel Missiles                 Charms/Air                   2
   d - Static Discharge               Conjuration/Air              3
   e - Lightning Bolt                 Conjuration/Air              5
Comestibles
 c - 2 bread rations
 f - a slice of pizza


   Skills:
 + Level 2.6 Dodging
 + Level 2.1 Stealth
 + Level 2.3 Spellcasting
 + Level 1.7 Conjurations
 + Level 4.9 Air Magic


You had 5 spell levels left.
You knew the following spells:

 Your Spells              Type           Power        Failure   Level  Hunger
a - Shock                 Conj/Air       ##..         8%          1    #......


Dungeon Overview and Level Annotations

Branches:
Dungeon (2/15)

Altars:

Annotations:
D:2 Natasha


Innate Abilities, Weirdness & Mutations

You have a beak for a mouth.
You have claws for feet.
Your body sometimes deteriorates upon taking damage.


Message History

Aim: Natasha (moderately wounded)
The zap hits Natasha.
Natasha is severely wounded.
The adder hisses angrily.
Natasha closely misses you. The white imp barely misses you.
You miss Natasha.
Natasha is severely wounded.
Natasha claws you.
* * * LOW HITPOINT WARNING * * *
Your body deteriorates!
You feel weakened. The white imp hits you.
* * * LOW HITPOINT WARNING * * *
The white imp freezes you.
* * * LOW HITPOINT WARNING * * *
Okay, then.
You feel agile all of a sudden. Natasha misses you.
The white imp gestures at you. The puff of frost hits you!
You die...

##......# ##........
#......... #.........
#......... # #......... ##
#.........
.####################........
...#...........5@h5S.........
.....#<........#####.........
.#...#.........# #.....>...
.###...###>##### #.........
.# #....##.....# #.........
.# ##.#.##.###.######).......
.# #.#....#.......###......#
.####.###..#.###.#.....##.###
....#.........#..# ##.. ..


You could see Natasha, a crimson imp, an adder and a white imp.

Vanquished Creatures
  An ooze (D:2)
  A worm (D:2)
  A leopard gecko (D:1)
  4 giant cockroaches
  A goblin (D:2)
  A hobgoblin (D:1)
  2 jackals (D:2)
  7 kobolds
  3 bats
  3 frilled lizards
  5 rats
29 creatures vanquished.

Notes
Turn   | Place    | Note
-------+----------+-------------------------------------------
     0 | D:1      | vatarom the Tengu Air Elementalist began the quest for the Orb.
     0 | D:1      | Reached XP level 1. HP: 10/10 MP: 4/4
   161 | D:1      | Reached XP level 2. HP: 4/15 MP: 1/6
   496 | D:1      | Gained mutation: Your body sometimes deteriorates upon taking damage. [potion of mutation]
   496 | D:1      | Gained mutation: Your mind is acute. (Int +2) [potion of mutation]
   496 | D:1      | Gained mutation: You are weak. (Str -2) [potion of mutation]
   570 | D:1      | Lost mutation: You are weak. (Str -2) [potion of cure mutation]
   570 | D:1      | Lost mutation: Your mind is acute. (Int +2) [potion of cure mutation]
   913 | D:2      | Reached XP level 3. HP: 19/19 MP: 3/7
  1406 | D:2      | Noticed Natasha
  1422 | D:2      | Killed from afar by a white imp

Action                   || total
-------------------------++-------
Melee: Whip              ||    26
       Kick              ||     3
       Peck              ||     2
 Cast: Shock             ||    56
  Use: Scroll            ||     1
       Potion            ||     7
  Eat: Chunk             ||     2
       Bread ration      ||     1
Armor: Robe              ||    15
Dodge: Dodged            ||    43
